PIO (24 & UNDER)
COLORADO COMMANDERS @ EAU CLAIRE ESQUIRES
07/01/2029
 
TOP OF THE 1ST
Colorado Commanders batting - Pitching for Eau Claire Esquires : RHP Ángel Gil
Pitching: RHP Ángel Gil
Batting: LHB Abraham Horton 0-0: Called Strike
0-1: Ball
1-1: Called Strike
1-2: Ball
2-2: Ground out 5-3 (Groundball, 56)
Batting: RHB Kyle Vélez 0-0: Ball
1-0: Foul Ball, location: 2F
1-1: Foul Ball, location: 2F
1-2: SINGLE (Line Drive, 4MD)
Batting: RHB Roberto Rodríguez 0-0: Called Strike
0-1: Ground out 5-3 (Groundball, 56S)
Kyle Vélez to second
Batting: RHB Bobby Miles 0-0: Called Strike
0-1: SINGLE (Groundball, 6D)
Kyle Vélez to third
Runner from 3rd tries for Home, SAFE, no throw
Batting: RHB Adrián Barrera 0-0: Ball
Bobby Miles steals 2nd base
1-0: Called Strike
1-1: Ball
2-1: Swinging Strike
2-2: Foul Ball, location: 2F
2-2: Foul Ball, location: 2F
2-2: SINGLE (Flyball, 89S)
Bobby Miles to third
Runner from 3rd tries for Home, SAFE, no throw
Batting: LHB José Diharce 0-0: Ball
Throwing error on steal attempt, E2
Adrián Barrera to third
1-0: Called Strike
1-1: Ball
2-1: Swinging Strike
2-2: Strikes out swinging
Top of the 1st over - 2 runs, 3 hits, 1 error, 1 left on base; Colorado 2 - Eau Claire 0
BOTTOM OF THE 1ST
Eau Claire Esquires batting - Pitching for Colorado Commanders : RHP Domingo Cruz
Pitching: RHP Domingo Cruz
Batting: RHB Gary Roberts 0-0: Ball
1-0: SINGLE (Groundball, 56D)
Batting: RHB Jesús Ramos 0-0: Fielders Choice at 2nd, 5-4 (Groundball, 56)
Batting: RHB Jason Smith 0-0: Swinging Strike
0-1: Fly out, F7 (Flyball, 78M)
Batting: RHB Luis Cherena 0-0: Called Strike
0-1: Ball
Balk!
Jesús Ramos to second
1-1: Called Strike
1-2: Strikes out swinging
Bottom of the 1st over - 0 runs, 1 hit, 0 errors, 1 left on base; Colorado 2 - Eau Claire 0
TOP OF THE 2ND
Colorado Commanders batting - Pitching for Eau Claire Esquires : RHP Ángel Gil
Batting: RHB Eric Patrick 0-0: Called Strike
0-1: SINGLE (Groundball, 4M) (infield hit)
Batting: RHB Pete Davis 0-0: Called Strike
Eric Patrick steals 2nd base
0-1: Foul Ball, location: 2F
0-2: Foul Ball, location: 2F
0-2: Ball
1-2: Foul Ball, location: 2F
1-2: Foul Ball, location: 2F
1-2: Foul Ball, location: 2F
1-2: Strikes out swinging
Batting: RHB Luis Martínez 0-0: Ball
Eric Patrick steals 3rd base
1-0: SINGLE (Groundball, 6MD)
Eric Patrick scores
Batting: LHB Abraham Horton 0-0: Swinging Strike
0-1: Called Strike
0-2: Ball
1-2: Foul Ball, location: 2F
1-2: Ball
2-2: Ball
3-2: Strikes out looking
Batting: RHB Kyle Vélez 0-0: Ball
1-0: Foul Ball, location: 2F
1-1: TRIPLE (Flyball, 89XD)
Luis Martínez scores
Batting: RHB Roberto Rodríguez 0-0: Ball
1-0: Ball
2-0: Called Strike
2-1: Ball
3-1: Foul Ball, location: 2F
3-2: Foul Ball, location: 2F
3-2: Ground out 6-3 (Groundball, 6S)
Top of the 2nd over - 2 runs, 3 hits, 0 errors, 1 left on base; Colorado 4 - Eau Claire 0
BOTTOM OF THE 2ND
Eau Claire Esquires batting - Pitching for Colorado Commanders : RHP Domingo Cruz
Batting: LHB António Chávez 0-0: Foul Ball, location: 2F
0-1: Foul Ball, location: 2F
0-2: Ball
1-2: Ball
2-2: Fly out, F7 (Flyball, 78S)
Batting: RHB Terry Perkins 0-0: Called Strike
0-1: Swinging Strike
0-2: Strikes out swinging
Batting: RHB Jonathan Jackson 0-0: Ball
1-0: Ball
2-0: Ball
3-0: Base on Balls
Batting: LHB Johnny Foley 0-0: Called Strike
0-1: Foul Ball, location: 2F
0-2: Foul Ball, location: 2F
0-2: Ball
1-2: Strikes out swinging
Bottom of the 2nd over - 0 runs, 0 hits, 0 errors, 1 left on base; Colorado 4 - Eau Claire 0
TOP OF THE 3RD
Colorado Commanders batting - Pitching for Eau Claire Esquires : RHP Ángel Gil
Batting: RHB Bobby Miles 0-0: Ball
1-0: Ball
2-0: Fly out, F8 (Flyball, 8LM)
Batting: RHB Adrián Barrera 0-0: Called Strike
0-1: Swinging Strike
0-2: SINGLE (Flyball, 9S)
Batting: LHB José Diharce 0-0: Fly out, F7 (Flyball, 7S)
Batting: RHB Eric Patrick 0-0: Hit by Pitch
Adrián Barrera to second
Batting: RHB Pete Davis 0-0: Foul Ball, location: 2F
0-1: Called Strike
0-2: Foul Ball, location: 2F
0-2: Strikes out swinging
Top of the 3rd over - 0 runs, 1 hit, 0 errors, 2 left on base; Colorado 4 - Eau Claire 0
BOTTOM OF THE 3RD
Eau Claire Esquires batting - Pitching for Colorado Commanders : RHP Domingo Cruz
Batting: RHB Matt Cole 0-0: Foul Ball, location: 2F
0-1: Ball
1-1: Fly out, F5 (Flyball, 5DF)
Batting: RHB Gary Roberts 0-0: Ball
1-0: Ball
2-0: Ball
3-0: Called Strike
3-1: Called Strike
3-2: Base on Balls
Batting: RHB Jesús Ramos 0-0: Grounds into double play, 6-4-3 (Groundball, 6)
Bottom of the 3rd over - 0 runs, 0 hits, 0 errors, 0 left on base; Colorado 4 - Eau Claire 0
TOP OF THE 4TH
Colorado Commanders batting - Pitching for Eau Claire Esquires : RHP Ángel Gil
Batting: RHB Luis Martínez 0-0: Ball
1-0: Foul Ball, location: 2F
1-1: Ball
2-1: Called Strike
2-2: Ball
3-2: Strikes out looking
Batting: LHB Abraham Horton 0-0: Foul Ball, location: 2F
0-1: Foul Ball, location: 2F
0-2: Ball
1-2: Fly out, F8 (Flyball, 8LS)
Batting: RHB Kyle Vélez 0-0: Called Strike
0-1: Foul Ball, location: 2F
0-2: Ball
1-2: Foul Ball, location: 2F
1-2: Strikes out swinging
Top of the 4th over - 0 runs, 0 hits, 0 errors, 0 left on base; Colorado 4 - Eau Claire 0
BOTTOM OF THE 4TH
Eau Claire Esquires batting - Pitching for Colorado Commanders : RHP Domingo Cruz
Batting: RHB Jason Smith 0-0: Ball
1-0: Foul Ball, location: 2F
1-1: Foul Ball, location: 2F
1-2: Foul Ball, location: 2F
1-2: Strikes out looking
Batting: RHB Luis Cherena 0-0: Called Strike
0-1: Ground out 6-3 (Groundball, 6)
Batting: LHB António Chávez 0-0: Ball
1-0: Ball
2-0: Ball
3-0: Fly out, F8 (Flyball, 78S)
Bottom of the 4th over - 0 runs, 0 hits, 0 errors, 0 left on base; Colorado 4 - Eau Claire 0
TOP OF THE 5TH
Colorado Commanders batting - Pitching for Eau Claire Esquires : RHP Ángel Gil
Batting: RHB Roberto Rodríguez 0-0: Called Strike
0-1: Foul Ball, location: 2F
0-2: Strikes out looking
Batting: RHB Bobby Miles 0-0: Ball
1-0: Foul Ball, location: 2F
1-1: Called Strike
1-2: Ground out U3 (Groundball, 3)
Batting: RHB Adrián Barrera 0-0: Called Strike
0-1: Swinging Strike
0-2: Hit by Pitch
Batting: LHB José Diharce 0-0: Called Strike
0-1: Ball
1-1: Called Strike
Adrián Barrera steals 2nd base
1-2: Fly out, F4 (Line Drive, 34)
Top of the 5th over - 0 runs, 0 hits, 0 errors, 1 left on base; Colorado 4 - Eau Claire 0
BOTTOM OF THE 5TH
Eau Claire Esquires batting - Pitching for Colorado Commanders : RHP Domingo Cruz
Batting: RHB Terry Perkins 0-0: Called Strike
0-1: Ball
1-1: Called Strike
1-2: Ball
2-2: Ground out 4-3 (Groundball, 4)
Batting: RHB Jonathan Jackson 0-0: Ball
1-0: Ball
2-0: Ball
3-0: Base on Balls
Batting: LHB Johnny Foley 0-0: Called Strike
0-1: Swinging Strike
0-2: Ball
1-2: Fly out, F8 (Flyball, 8RS)
Batting: RHB Matt Cole 0-0: Foul Ball, location: 2F
0-1: Ball
1-1: Called Strike
1-2: Ball
2-2: Strikes out swinging
Bottom of the 5th over - 0 runs, 0 hits, 0 errors, 1 left on base; Colorado 4 - Eau Claire 0
TOP OF THE 6TH
Colorado Commanders batting - Pitching for Eau Claire Esquires : RHP Ángel Gil
Pitching: LHP Gabriel Acevedo
Batting: RHB Eric Patrick 0-0: Called Strike
0-1: SINGLE (Line Drive, 7S)
Batting: RHB Pete Davis 0-0: Ball
1-0: Fly out, F9 (Flyball, 9)
Batting: RHB Luis Martínez 0-0: Ball
1-0: Grounds into double play, 5-4-3 (Groundball, 5L)
Top of the 6th over - 0 runs, 1 hit, 0 errors, 0 left on base; Colorado 4 - Eau Claire 0
BOTTOM OF THE 6TH
Eau Claire Esquires batting - Pitching for Colorado Commanders : RHP Domingo Cruz
Batting: RHB Gary Roberts 0-0: Called Strike
0-1: SINGLE (Groundball, 6MD)
Batting: RHB Jesús Ramos 0-0: Ball
Gary Roberts steals 2nd base
1-0: Ball
2-0: Ball
3-0: Base on Balls
Batting: RHB Jason Smith 0-0: Called Strike
Gary Roberts steals 3rd base
0-1: Ball
1-1: Ball
2-1: Foul Ball, location: 2F
2-2: Foul Ball, location: 2F
2-2: Ball
3-2: Base on Balls
Jesús Ramos to second
Batting: RHB Luis Cherena 0-0: Called Strike
0-1: Ball
1-1: Called Strike
1-2: Fly out, F9 (Flyball, 89S)
Runner from 3rd tags up, SCORES, no throw
Pitching: LHP Homer Bryan
Batting: LHB António Chávez 0-0: Called Strike
0-1: Ball
1-1: Ball
2-1: Grounds into double play, 5-4-3 (Groundball, 5)
Bottom of the 6th over - 1 run, 1 hit, 0 errors, 1 left on base; Colorado 4 - Eau Claire 1
TOP OF THE 7TH
Colorado Commanders batting - Pitching for Eau Claire Esquires : LHP Gabriel Acevedo
Batting: LHB Abraham Horton 0-0: Ball
1-0: Ball
2-0: Foul Ball, location: 2F
2-1: Ball
3-1: Foul Ball, location: 2F
3-2: Fly out, F7 (Flyball, 7S)
Batting: RHB Kyle Vélez 0-0: Foul Ball, location: 2F
0-1: Swinging Strike
0-2: Ball
1-2: Strikes out swinging
Batting: RHB Roberto Rodríguez 0-0: Ball
1-0: Swinging Strike
1-1: Foul Ball, location: 2F
1-2: Foul Ball, location: 2F
1-2: Strikes out swinging
Top of the 7th over - 0 runs, 0 hits, 0 errors, 0 left on base; Colorado 4 - Eau Claire 1
BOTTOM OF THE 7TH
Eau Claire Esquires batting - Pitching for Colorado Commanders : LHP Homer Bryan
Now at 1B: Torajiro Ito
Batting: RHB Terry Perkins 0-0: Fly out, F4 (Line Drive, 4)
Batting: RHB Jonathan Jackson 0-0: Called Strike
0-1: Ball
1-1: Foul Ball, location: 2F
1-2: Strikes out swinging, 2-3 out at first.
Batting: LHB Johnny Foley 0-0: Called Strike
0-1: Ball
1-1: Ball
2-1: Ball
3-1: Foul Ball, location: 2F
3-2: Strikes out swinging
Bottom of the 7th over - 0 runs, 0 hits, 0 errors, 0 left on base; Colorado 4 - Eau Claire 1
TOP OF THE 8TH
Colorado Commanders batting - Pitching for Eau Claire Esquires : LHP Gabriel Acevedo
Batting: RHB Bobby Miles 0-0: Called Strike
0-1: Ball
1-1: Ball
2-1: Swinging Strike
2-2: Ball
3-2: Base on Balls
Batting: RHB Adrián Barrera 0-0: Ball
1-0: Fly out, F3 (Popup, 23F)
Batting: LHB José Diharce 0-0: 2-RUN HOME RUN (Flyball, 7LD), Distance : 336 ft
Batting: RHB Eric Patrick 0-0: SINGLE (Groundball, 34S) (infield hit)
Batting: RHB Pete Davis 0-0: Fly out, F9 (Line Drive, 9D)
Batting: RHB Luis Martínez 0-0: Called Strike
0-1: Ground out 4-3 (Groundball, 4)
Top of the 8th over - 2 runs, 2 hits, 0 errors, 1 left on base; Colorado 6 - Eau Claire 1
BOTTOM OF THE 8TH
Eau Claire Esquires batting - Pitching for Colorado Commanders : LHP Homer Bryan
Now at 3B: Carlos Hernández
Batting: RHB Matt Cole 0-0: Fly out, F7 (Flyball, 7LSF)
Batting: RHB Gary Roberts 0-0: Ground out 4-3 (Groundball, 34)
Batting: RHB Jesús Ramos 0-0: Ball
1-0: Foul Ball, location: 2F
1-1: Foul Ball, location: 2F
1-2: Ball
2-2: Ball
3-2: Strikes out swinging
Bottom of the 8th over - 0 runs, 0 hits, 0 errors, 0 left on base; Colorado 6 - Eau Claire 1
TOP OF THE 9TH
Colorado Commanders batting - Pitching for Eau Claire Esquires : LHP Gabriel Acevedo
Batting: LHB Abraham Horton 0-0: Ball
1-0: Ball
2-0: Foul Ball, location: 2F
2-1: Ball
3-1: Called Strike
3-2: Foul Ball, location: 2F
3-2: Strikes out swinging
Batting: SHB Torajiro Ito 0-0: Ball
1-0: Called Strike
1-1: Foul Ball, location: 2F
1-2: Fly out, F7 (Flyball, 7)
Batting: RHB Roberto Rodríguez 0-0: Ball
1-0: Called Strike
1-1: Ground out 4-3 (Groundball, 4)
Top of the 9th over - 0 runs, 0 hits, 0 errors, 0 left on base; Colorado 6 - Eau Claire 1
BOTTOM OF THE 9TH
Eau Claire Esquires batting - Pitching for Colorado Commanders : LHP Homer Bryan
Batting: RHB Jason Smith 0-0: Ball
1-0: Swinging Strike
1-1: Foul Ball, location: 2F
1-2: Strikes out swinging
Batting: RHB Luis Cherena 0-0: Ball
1-0: Ball
2-0: Ground out 1-3 (Groundball, 15)
Batting: LHB António Chávez 0-0: Swinging Strike
0-1: Ball
1-1: Swinging Strike
1-2: Strikes out swinging
Bottom of the 9th over - 0 runs, 0 hits, 0 errors, 0 left on base; Colorado 6 - Eau Claire 1
Saturday, December 16th, 2017 - OOTP Baseball 18.8 Build 76